Map: Rhoskallian LE

Players

qqq - Winner!

  • Race: Zerg Zerg
  • Spawn Location: 5:00

Massa - Winner!

  • Race: Terran Terran
  • League: Platinum
  • Spawn Location: 6:00

WorkingDaD

  • Race: Zerg Zerg
  • Spawn Location: 11:00

javel

  • Race: Protoss Protoss
  • Spawn Location: 12:00

VOD

Have the link to the VOD?

Description

Time

  • Played on: March 28, 2021, 3:58 p.m.
  • Length: 10:42
Show
View Real Time Build Order
Export as new Build Order

qqq Zerg - Winner!

Build Orders: Hatch First 

Get SALT Encoding   

  12  0:00  Drone  
  13  0:09  Drone  
  14  0:18  Overlord  
  14  0:49  Hatchery  
  13  0:55  Drone x2  
  15  1:05  Drone  
  16  1:20  Spawning Pool  
  16  1:21  Extractor  
  14  1:58  Drone x2  
  14  1:59  Drone  
  16  2:16  Zergling x2  
  16  2:18  Zergling x4  
  14  2:30  Zergling x2  
  15  2:42  Drone  
  16  2:49  Drone  
  18  2:51  Drone  
  18  3:06  Drone x3  
  21  3:16  Drone x3  
  24  3:28  Queen  
  26  3:38  Queen  
  28  3:46  Metabolic Boost  
  28  3:51  Overlord  
  28  3:57  Overlord  
  28  4:23  Lair  
  28  4:24  Drone x3  
  28  4:25  Drone x3  
  34  4:34  Spore Crawler  
  34  4:37  Spore Crawler  
  32  4:40  Extractor  
  32  4:41  Drone  
  32  4:44  Drone  
  33  4:47  Drone  
  33  4:50  Drone  
  35  4:56  Overlord  
  35  4:57  Drone  
  36  5:00  Drone  
  36  5:05  Drone  
  36  5:06  Drone  
  39  5:07  Drone  
  40  5:29  Drone x4  
  44  5:42  Spire  
  43  5:47  Drone  
  43  5:48  Overlord x2  
  44  5:50  Extractor  
  44  5:51  Extractor  
  42  5:58  Overlord  
  42  6:06  Drone x3  
  42  6:07  Drone x3  
  48  6:28  Zergling x8  
  52  6:33  Zergling x4  
  52  6:34  Zergling x6  
  52  6:37  Hatchery  
  56  6:42  Zergling x8  
  56  6:54  Mutalisk x2  
  56  6:59  Mutalisk  
  57  7:08  Mutalisk x3  
  57  7:09  Mutalisk  
  57  7:10  Mutalisk  
  61  7:18  Mutalisk  
  61  7:19  Drone  
  61  7:20  Drone  
  65  7:29  Mutalisk  
  65  7:36  Drone, Overlord  
  65  7:37  Overlord x2  
  67  7:43  Mutalisk  
  68  7:57  Mutalisk x2  
  72  7:59  Zergling x2  
  72  8:00  Zergling x4  
  75  8:08  Queen  
  75  8:09  Drone x5  
  75  8:12  Corruptor  
  84  8:26  Corruptor x2  
  88  8:36  Corruptor  
  88  8:40  Zergling x10  
  95  8:45  Corruptor  
  97  8:54  Drone  
  98  8:56  Overlord x2  
  97  9:20  Corruptor  
  97  9:21  Drone x4  
  97  9:22  Zergling x6  
  106  9:25  Extractor x2  
  103  9:35  Mutalisk x2  
  94  9:51  Mutalisk x2  
  95  10:00  Zergling x4  
  95  10:01  Drone x2, Zergling x10  
  104  10:19  Hatchery  
Show
View Real Time Build Order
Export as new Build Order

Massa Terran - Winner!

Build Orders:  

Get SALT Encoding   

  12  0:00  SCV  
  13  0:12  SCV  
  14  0:20  Supply Depot  
  14  0:24  SCV  
  15  0:39  Refinery  
  15  0:41  SCV  
  16  0:45  Barracks  
  16  0:54  SCV  
  18  1:25  SCV  
  18  1:36  Reaper  
  18  1:39  Bunker  
  19  1:55  Orbital Command  
  19  2:08  Marine  
  19  2:34  SCV  
  20  2:41  Marine  
  21  2:46  SCV  
  22  2:58  SCV  
  23  3:09  Supply Depot  
  23  3:11  Factory, Supply Depot  
  23  3:18  Supply Depot  
  23  3:30  Marine  
  24  3:40  Command Center  
  24  3:42  SCV, Barracks  
  25  3:49  Engineering Bay  
  25  3:53  Marine  
  26  3:57  Factory Reactor  
  26  4:01  Barracks  
  26  4:05  SCV  
  26  4:07  Supply Depot  
  27  4:11  Marine  
  28  4:17  SCV  
  29  4:32  SCV  
  29  4:35  Terran Infantry Weapons Level 1  
  29  4:38  Missile Turret  
  29  4:44  SCV  
  30  4:47  Barracks Reactor  
  30  4:52  Hellion x2  
  34  4:53  Orbital Command  
  34  4:54  Missile Turret  
  34  4:56  SCV  
  34  4:57  Barracks Tech Lab  
  35  5:00  Barracks Reactor  
  35  5:09  SCV  
  35  5:13  Hellion  
  35  5:14  Hellion  
  40  5:17  Refinery  
  40  5:20  SCV  
  41  5:21  SCV  
  41  5:25  Marine, Stimpack  
  41  5:27  Marine  
  44  5:31  Marine  
  44  5:32  SCV  
  46  5:39  Missile Turret  
  46  5:43  Marine  
  46  5:44  Widow Mine x2  
  46  5:45  Marine  
  50  6:03  Marine x2  
  50  6:04  Marine x3  
  55  6:21  Marine x3  
  55  6:22  Widow Mine x2  
  59  6:42  Marine x2  
  59  6:43  Widow Mine x2, Marine x3  
  56  7:00  Marine  
  55  7:04  Widow Mine  
  55  7:05  Widow Mine  
  55  7:06  Marine x4  
  55  7:18  Marine  
  56  7:23  Orbital Command, Marine x2  
  56  7:24  Marine x2  
  56  7:29  Orbital Command  
  57  7:36  Marine  
  54  7:58  SCV x2  
  56  8:04  Combat Shield  
  56  8:06  Widow Mine x2  
  56  8:07  Marine x5  
  56  8:10  Refinery, SCV x2  
  56  8:11  Refinery  
  67  8:22  SCV, Missile Turret  
  67  8:24  Marine  
  67  8:25  Marine  
  70  8:29  Supply Depot  
  70  8:35  Supply Depot  
  70  8:36  Supply Depot  
  70  8:50  Marine x5  
  70  8:51  Widow Mine  
  70  8:53  Missile Turret  
  77  8:59  Supply Depot  
  77  9:01  Supply Depot  
  77  9:08  Marine x5  
  82  9:26  Marine x5  
  81  9:51  Marine x5  
  67  10:01  Widow Mine x2  
  69  10:08  Marine  
  69  10:09  Marine x4  
  69  10:12  Command Center  
  74  10:14  Factory  
  74  10:16  Armory  
Show
View Real Time Build Order
Export as new Build Order

WorkingDaD Zerg 

Build Orders: Pool First 

Get SALT Encoding   

  12  0:18  Spawning Pool  
  11  0:23  Drone  
  11  0:28  Drone  
  13  0:36  Overlord  
  13  0:44  Drone  
  14  1:06  Zergling x4  
  14  1:07  Zergling x2  
  17  1:17  Zergling x2  
  18  1:28  Zergling x2  
  18  1:32  Hatchery  
  18  1:36  Extractor  
  17  1:41  Drone  
  19  2:08  Drone x2  
  20  2:18  Zergling x2  
  21  2:28  Queen  
  19  2:38  Drone x2  
  21  2:48  Queen  
  23  2:55  Drone x4  
  27  3:02  Metabolic Boost  
  27  3:07  Drone  
  27  3:08  Overlord  
  28  3:15  Overlord  
  28  3:34  Drone x3  
  28  3:39  Drone x4  
  35  3:45  Drone  
  36  3:54  Overlord x2  
  36  4:01  Lair  
  36  4:07  Overlord x2  
  36  4:21  Zergling x14  
  43  4:24  Zergling x2  
  44  4:41  Zergling x2  
  44  4:42  Zergling x14  
  52  4:48  Zergling x2  
  54  4:52  Zergling x2  
  54  5:01  Zergling x2  
  54  5:02  Zergling x2  
  56  5:08  Zergling x2  
  56  5:26  Nydus Network  
  55  5:32  Overlord  
  55  5:33  Zergling x2, Overlord x3  
  55  5:34  Zergling x4  
  58  5:39  Hatchery  
  58  5:40  Zergling x2  
  58  5:48  Baneling Nest  
  57  5:52  Zergling x10  
  62  5:59  Queen x2  
  66  6:10  Nydus Canal  
  66  6:14  Zergling x4  
  66  6:15  Zergling x6  
  71  6:18  Zergling x2  
  71  6:19  Zergling x6  
  71  6:22  Zergling x2  
  76  6:27  Zergling x2  
  76  6:28  Zergling x4  
  73  6:40  Zergling x2  
  73  6:41  Zergling x2  
  67  7:05  Zergling x22  
  74  7:11  Zergling x2  
  68  7:18  Zergling x4  
  69  7:32  Spore Crawler  
  69  7:35  Spore Crawler  
  69  7:36  Spore Crawler  
  69  7:37  Spore Crawler  
  63  7:39  Spore Crawler  
  63  7:41  Spore Crawler  
  63  7:43  Queen x2  
  59  7:44  Queen  
  59  7:55  Overlord  
  58  8:07  Centrifical Hooks  
  58  8:12  Hydralisk Den  
  55  8:43  Drone  
  55  8:44  Drone x9, Extractor  
  55  8:47  Extractor x2  
  62  8:52  Muscular Augments  
  62  8:53  Drone  
  62  9:35  Zergling x2  
  62  9:36  Hydralisk x2, Zergling x18  
  60  9:50  Zergling x12  
  50  9:58  Zergling x2  
  50  9:59  Zergling x6  
  46  10:00  Zergling x2  
  46  10:04  Zergling x2  
  46  10:12  Zergling x6  
  41  10:25  Zergling x6  
Show
View Real Time Build Order
Export as new Build Order

javel Protoss 

Build Orders:  

Get SALT Encoding   

  12  0:00  Probe (Chrono Boost)  
  13  0:14  Pylon  
  13  0:17  Probe  
  14  0:33  Forge  
  14  0:38  Probe  
  15  1:05  Probe, Pylon  
  15  1:10  Pylon  
  16  1:16  Pylon  
  16  1:17  Probe  
  17  1:25  Photon Cannon  
  16  1:37  Photon Cannon  
  15  1:59  Assimilator  
  15  2:02  Probe (Chrono Boost), Gateway  
  16  2:24  Probe (Chrono Boost)  
  16  2:29  Photon Cannon  
  17  2:34  Probe (Chrono Boost)  
  18  2:43  Photon Cannon x2  
  18  2:50  Probe  
  18  2:55  Cybernetics Core  
  18  2:59  Assimilator  
  18  3:02  Probe (Chrono Boost)  
  19  3:05  Pylon  
  19  3:14  Probe (Chrono Boost)  
  20  3:22  Probe (Chrono Boost)  
  21  3:28  Probe  
  21  3:32  Stargate  
  22  3:40  Probe  
  23  4:02  Nexus  
  23  4:03  Probe  
  23  4:05  Pylon  
  24  4:15  Probe  
  25  4:24  Photon Cannon  
  25  4:28  Probe  
  25  4:29  Void Ray (Chrono Boost)  
  29  4:40  Probe  
  30  4:52  Photon Cannon  
  30  5:03  Probe, Stargate  
  31  5:12  Void Ray  
  35  5:23  Probe (Chrono Boost)  
  35  5:27  Probe (Chrono Boost)  
  37  5:34  Probe (Chrono Boost)  
  38  5:39  Probe (Chrono Boost)  
  39  5:55  Void Ray  
  39  5:56  Void Ray  
  39  6:03  Probe  
  49  6:04  Probe  
  49  6:16  Probe  
  50  6:24  Pylon  
  50  6:25  Pylon  
  50  6:26  Pylon  
  50  6:37  Void Ray  
  54  6:54  Void Ray (Chrono Boost)  
  54  7:01  Probe  
  59  7:14  Void Ray (Chrono Boost)  
  47  7:23  Probe  
  48  7:33  Probe  
  48  7:36  Probe  
  50  7:44  Pylon, Protoss Air Weapons Level 1 (Chrono Boost)  
  50  7:45  Probe  
  50  7:47  Pylon  
  50  7:48  Probe  
  52  7:51  Assimilator  
  52  7:52  Shield Battery  
  52  7:53  Shield Battery  
  52  7:56  Assimilator  
  52  7:57  Probe, Photon Cannon  
  53  8:00  Probe, Photon Cannon  
  54  8:10  Photon Cannon  
  54  8:13  Photon Cannon, Void Ray (Chrono Boost)  
  54  8:17  Void Ray (Chrono Boost)  
  62  8:28  Probe  
  62  8:29  Probe  
  64  8:41  Probe, Void Ray (Chrono Boost)  
  65  8:44  Probe  
  70  8:59  Void Ray  
  70  9:03  Shield Battery x2  
  74  9:14  Void Ray  
  78  9:36  Void Ray  
  78  9:43  Probe x2  
  67  9:51  Void Ray  
  59  9:55  Probe  
  64  10:16  Pylon  
  64  10:18  Probe x2  
  70  10:38  Photon Cannon  
  70  10:40  Photon Cannon  
Tags
 
Add a new tag
Caveats
  • Supply blocks, unpowered buildings, or Contaminate may cause inaccurate times.
  • Supply counts are checked every 10 seconds.